IL
COLORADO SPRINGS SKY SOX @ GWINNETT BRAVES
09/02/2047
 
TOP OF THE 1ST
Colorado Springs Sky Sox batting - Pitching for Gwinnett Braves : RHP Howard Wood
Pitching: RHP Howard Wood
Batting: LHB Steve Gilliam 0-0: Ball
1-0: Fly out, F3 (Popup, 3SF, EV 70.0 MPH)
Batting: RHB Ryan Rinaldi 0-0: Ball
1-0: Ball
2-0: Swinging Strike
2-1: Ball
3-1: Ground out 6-3 (Groundball, 56, EV 82.5 MPH)
Batting: SHB Bobby Santor 0-0: Called Strike
0-1: Foul Ball, location: 2F
0-2: Strikes out swinging
Top of the 1st over - 0 runs, 0 hits, 0 errors, 0 left on base; Colorado Springs 0 - Gwinnett 0
BOTTOM OF THE 1ST
Gwinnett Braves batting - Pitching for Colorado Springs Sky Sox : RHP Don Boudreau
Pitching: RHP Don Boudreau
Batting: LHB Robby Dann 0-0: Ball
1-0: Foul Ball, location: 2F
1-1: Swinging Strike
1-2: Foul Ball, location: 2F
1-2: Strikes out swinging
Batting: RHB Neal Tinoco 0-0: Ball
1-0: Swinging Strike
1-1: Ball
2-1: Foul Ball, location: 2F
2-2: Foul Ball, location: 2F
2-2: Strikes out swinging
Batting: RHB Bill Turnbull 0-0: Fly out, F3 (Popup, 3SF, EV 84.4 MPH)
Bottom of the 1st over - 0 runs, 0 hits, 0 errors, 0 left on base; Colorado Springs 0 - Gwinnett 0
TOP OF THE 2ND
Colorado Springs Sky Sox batting - Pitching for Gwinnett Braves : RHP Howard Wood
Batting: LHB Michael Krott 0-0: Called Strike
0-1: Ball
1-1: Ball
2-1: Foul Ball, location: 2F
2-2: Strikes out swinging
Batting: SHB Andy Vivas 0-0: Ball
1-0: Ball
2-0: Called Strike
2-1: Foul Ball, location: 2F
2-2: SINGLE (Groundball, 4MD, EV 109.4 MPH)
Batting: RHB Justin Williams 0-0: Called Strike
0-1: Called Strike
0-2: SINGLE (Line Drive, 9LM, EV 100.0 MPH)
Andy Vivas to second
Batting: SHB Chris Besselman 0-0: Called Strike
0-1: Foul Ball, location: 2F
0-2: Ball
1-2: Foul Ball, location: 2F
1-2: Ball
2-2: Strikes out looking
Batting: RHB Heitaro Tanaka 0-0: Fly out, F7 (Flyball, 7, EV 79.4 MPH)
Top of the 2nd over - 0 runs, 2 hits, 0 errors, 2 left on base; Colorado Springs 0 - Gwinnett 0
BOTTOM OF THE 2ND
Gwinnett Braves batting - Pitching for Colorado Springs Sky Sox : RHP Don Boudreau
Batting: LHB Mark Buchholz 0-0: Foul Ball, location: 2F
0-1: Fly out, F9 (Flyball, 89M, EV 85.6 MPH)
Batting: RHB Hieronim Rutkowski 0-0: Foul Ball, location: 2F
0-1: Ground out 5-3 (Groundball, 56, EV 86.2 MPH)
Batting: RHB John Peterson 0-0: Ball
1-0: Ball
2-0: Called Strike
2-1: Called Strike
2-2: Foul Ball, location: 2F
2-2: Foul Ball, location: 2F
2-2: TRIPLE (Flyball, 78XD, EV 96.2 MPH)
Batting: LHB Luis Cruz 0-0: Foul Ball, location: 2F
0-1: Ball
1-1: Ball
2-1: Called Strike
2-2: Ball
3-2: Fly out, F7 (Flyball, 7, EV 85.6 MPH)
Bottom of the 2nd over - 0 runs, 1 hit, 0 errors, 1 left on base; Colorado Springs 0 - Gwinnett 0
TOP OF THE 3RD
Colorado Springs Sky Sox batting - Pitching for Gwinnett Braves : RHP Howard Wood
Batting: RHB Scott Schwartz 0-0: Called Strike
0-1: Ground out 3-1 (Groundball, 34, EV 100.6 MPH)
Batting: LHB Steve Gilliam 0-0: SINGLE (Groundball, 6MD, EV 83.8 MPH) (infield hit)
Batting: RHB Ryan Rinaldi 0-0: Foul Ball, location: 2F
0-1: Grounds into double play, 5-4-3 (Groundball, 5, EV 84.4 MPH)
Top of the 3rd over - 0 runs, 1 hit, 0 errors, 0 left on base; Colorado Springs 0 - Gwinnett 0
BOTTOM OF THE 3RD
Gwinnett Braves batting - Pitching for Colorado Springs Sky Sox : RHP Don Boudreau
Batting: RHB Riley Nasiir 0-0: Ball
1-0: Called Strike
1-1: Ball
2-1: Ball
3-1: Called Strike
3-2: Foul Ball, location: 2F
3-2: Strikes out looking
Batting: RHB Toki Takeuchi 0-0: Ball
1-0: Called Strike
1-1: Swinging Strike
1-2: Strikes out looking
Batting: LHB Robby Dann 0-0: Swinging Strike
0-1: Fly out, F8 (Flyball, 78M, EV 73.8 MPH)
Bottom of the 3rd over - 0 runs, 0 hits, 0 errors, 0 left on base; Colorado Springs 0 - Gwinnett 0
TOP OF THE 4TH
Colorado Springs Sky Sox batting - Pitching for Gwinnett Braves : RHP Howard Wood
Batting: SHB Bobby Santor 0-0: Called Strike
0-1: Ball
1-1: SINGLE (Line Drive, 7S, EV 103.8 MPH)
Batting: LHB Michael Krott 0-0: Called Strike
0-1: Swinging Strike
0-2: Foul Ball, location: 2F
0-2: Ball
1-2: Foul Ball, location: 2F
1-2: Ball
2-2: Ball
3-2: Fly out, F7 (Flyball, 7, EV 94.4 MPH)
Batting: SHB Andy Vivas Pickoff Throw to First - Out! 1-3
0-0: Ball
1-0: Ball
2-0: Ground out 6-3 (Groundball, 6M, EV 99.4 MPH)
Top of the 4th over - 0 runs, 1 hit, 0 errors, 0 left on base; Colorado Springs 0 - Gwinnett 0
BOTTOM OF THE 4TH
Gwinnett Braves batting - Pitching for Colorado Springs Sky Sox : RHP Don Boudreau
Batting: RHB Neal Tinoco 0-0: Ball
1-0: Called Strike
1-1: Swinging Strike
1-2: Strikes out swinging
Batting: RHB Bill Turnbull 0-0: SINGLE (Line Drive, 6D, EV 99.4 MPH)
Batting: LHB Mark Buchholz 0-0: Foul Ball, location: 2F
0-1: Ball
1-1: Foul Ball, location: 2F
1-2: Ball
2-2: Strikes out looking
Batting: RHB Hieronim Rutkowski 0-0: Foul Ball, location: 2F
Pickoff Throw to First - Out! 1-3 CS
Bottom of the 4th over - 0 runs, 1 hit, 0 errors, 0 left on base; Colorado Springs 0 - Gwinnett 0
TOP OF THE 5TH
Colorado Springs Sky Sox batting - Pitching for Gwinnett Braves : RHP Howard Wood
Batting: RHB Justin Williams 0-0: Ball
1-0: Ball
2-0: Called Strike
2-1: Fly out, F7 (Flyball, 7S, EV 86.9 MPH)
Batting: SHB Chris Besselman 0-0: Ball
1-0: Foul Ball, location: 2F
1-1: Ball
2-1: Ball
3-1: Base on Balls
Batting: RHB Heitaro Tanaka 0-0: Called Strike
0-1: Ball
Wild Pitch!
Chris Besselman to second
1-1: Called Strike
1-2: Foul Ball, location: 2F
1-2: Strikes out swinging
Batting: RHB Scott Schwartz 0-0: Ground out 6-3 (Groundball, 6, EV 83.8 MPH)
Top of the 5th over - 0 runs, 0 hits, 0 errors, 1 left on base; Colorado Springs 0 - Gwinnett 0
BOTTOM OF THE 5TH
Gwinnett Braves batting - Pitching for Colorado Springs Sky Sox : RHP Don Boudreau
Batting: RHB Hieronim Rutkowski 0-0: Ball
1-0: Ball
2-0: Called Strike
2-1: Ball
3-1: Fly out, F8 (Flyball, 8RXD, EV 80.6 MPH)
Batting: RHB John Peterson 0-0: Ball
1-0: Foul Ball, location: 2F
1-1: Swinging Strike
1-2: Fly out, F8 (Flyball, 8LD, EV 106.9 MPH)
Batting: LHB Luis Cruz 0-0: Foul Ball, location: 2F
0-1: Fly out, F7 (Flyball, 78S, EV 91.2 MPH)
Bottom of the 5th over - 0 runs, 0 hits, 0 errors, 0 left on base; Colorado Springs 0 - Gwinnett 0
TOP OF THE 6TH
Colorado Springs Sky Sox batting - Pitching for Gwinnett Braves : RHP Howard Wood
Batting: LHB Steve Gilliam 0-0: Ball
1-0: Ball
2-0: Swinging Strike
2-1: Foul Ball, location: 2F
2-2: Strikes out swinging
Batting: RHB Ryan Rinaldi 0-0: Called Strike
0-1: Ball
1-1: Ground out 6-3 (Groundball, 56, EV 84.4 MPH)
Batting: SHB Bobby Santor 0-0: Foul Ball, location: 2F
0-1: Ball
1-1: Swinging Strike
1-2: Ball
2-2: Foul Ball, location: 2F
2-2: Strikes out swinging
Top of the 6th over - 0 runs, 0 hits, 0 errors, 0 left on base; Colorado Springs 0 - Gwinnett 0
BOTTOM OF THE 6TH
Gwinnett Braves batting - Pitching for Colorado Springs Sky Sox : RHP Don Boudreau
Batting: RHB Riley Nasiir 0-0: Ball
1-0: Ball
2-0: Ball
3-0: Called Strike
3-1: Called Strike
3-2: Base on Balls
Batting: RHB Toki Takeuchi 0-0: Foul Ball, location: 2F
0-1: Ball
1-1: Ball
2-1: Called Strike
2-2: Fly out, F8 (Flyball, 8LS, EV 88.8 MPH)
Batting: LHB Robby Dann 0-0: Ball
Riley Nasiir steals 2nd base (no throw)
1-0: Ball
2-0: Ground out 5-3 (Groundball, 5, EV 105.6 MPH)
Batting: RHB Neal Tinoco 0-0: Ball
1-0: Foul Ball, location: 2F
1-1: Foul Ball, location: 2F
1-2: Ball
2-2: Foul Ball, location: 2F
2-2: Strikes out swinging
Bottom of the 6th over - 0 runs, 0 hits, 0 errors, 1 left on base; Colorado Springs 0 - Gwinnett 0
TOP OF THE 7TH
Colorado Springs Sky Sox batting - Pitching for Gwinnett Braves : RHP Howard Wood
Batting: LHB Michael Krott 0-0: Ball
1-0: Called Strike
1-1: Swinging Strike
1-2: Ball
2-2: Foul Ball, location: 2F
2-2: Ball
3-2: Strikes out looking
Batting: SHB Andy Vivas 0-0: Ball
1-0: Swinging Strike
1-1: Foul Ball, location: 2F
1-2: Strikes out swinging
Batting: RHB Justin Williams 0-0: Ball
1-0: TRIPLE (Line Drive, 78XD, EV 104.4 MPH)
Batting: SHB Chris Besselman 0-0: Intentional Walk
Batting: RHB Heitaro Tanaka 0-0: Ball
1-0: Ball
2-0: Fly out, F5 (Line Drive, 5L, EV 66.9 MPH)
Top of the 7th over - 0 runs, 1 hit, 0 errors, 2 left on base; Colorado Springs 0 - Gwinnett 0
BOTTOM OF THE 7TH
Gwinnett Braves batting - Pitching for Colorado Springs Sky Sox : RHP Don Boudreau
Batting: RHB Bill Turnbull 0-0: Called Strike
0-1: Called Strike
0-2: Ball
1-2: Ball
2-2: Strikes out swinging
Batting: LHB Mark Buchholz 0-0: Called Strike
0-1: Called Strike
0-2: Ball
1-2: Ball
2-2: Foul Ball, location: 2F
2-2: Fly out, F8 (Flyball, 78M, EV 79.4 MPH)
Batting: RHB Hieronim Rutkowski 0-0: Ball
1-0: Swinging Strike
1-1: Ball
2-1: Ball
3-1: Foul Ball, location: 2F
3-2: Foul Ball, location: 2F
3-2: Foul Ball, location: 2F
3-2: SOLO HOME RUN (Flyball, 9LD, EV 93.8 MPH), Distance : 355 ft
Batting: RHB John Peterson 0-0: Foul Ball, location: 2F
0-1: Called Strike
0-2: SINGLE (Flyball, 89S, EV 89.4 MPH)
Pitching: LHP Eric Zielinski
Batting: LHB Luis Cruz 0-0: Called Strike
0-1: Called Strike
0-2: Foul Ball, location: 2F
0-2: Foul Ball, location: 2F
0-2: Ground out U3 (Groundball, 3, EV 90.0 MPH)
Bottom of the 7th over - 1 run, 2 hits, 0 errors, 1 left on base; Colorado Springs 0 - Gwinnett 1
TOP OF THE 8TH
Colorado Springs Sky Sox batting - Pitching for Gwinnett Braves : RHP Howard Wood
Batting: RHB Scott Schwartz 0-0: Ball
1-0: Called Strike
1-1: Ball
2-1: Swinging Strike
2-2: Fly out, F8 (Flyball, 8RD, EV 103.8 MPH)
Batting: LHB Steve Gilliam 0-0: Foul Ball, location: 2F
0-1: Foul Ball, location: 2F
0-2: DOUBLE (Line Drive, 7LS, EV 111.9 MPH)
Batting: RHB Ryan Rinaldi 0-0: Called Strike
0-1: Swinging Strike
0-2: Ball
1-2: Ball
2-2: SINGLE (Groundball, 6S, EV 70.6 MPH) (infield hit)
Steve Gilliam to third
Batting: SHB Bobby Santor 0-0: Fly out, F7 (Flyball, 78M, EV 91.2 MPH)
Batting: LHB Michael Krott 0-0: Ground out 4-3 (Groundball, 34, EV 85.6 MPH)
Top of the 8th over - 0 runs, 2 hits, 0 errors, 2 left on base; Colorado Springs 0 - Gwinnett 1
BOTTOM OF THE 8TH
Gwinnett Braves batting - Pitching for Colorado Springs Sky Sox : LHP Eric Zielinski
Pitching: RHP Trey Price
Batting: RHB Riley Nasiir 0-0: Foul Ball, location: 2F
0-1: Foul Ball, location: 2F
0-2: Ball
1-2: Strikes out swinging, 2-3 out at first.
Batting: RHB Toki Takeuchi 0-0: Ground out 6-3 (Groundball, 6MS, EV 83.8 MPH)
Batting: LHB Robby Dann 0-0: Called Strike
0-1: TRIPLE (Line Drive, 78XD, EV 100.6 MPH)
Batting: RHB Neal Tinoco 0-0: Ball
1-0: Foul Ball, location: 2F
1-1: Swinging Strike
1-2: Fly out, F7 (Flyball, 78M, EV 83.1 MPH)
Bottom of the 8th over - 0 runs, 1 hit, 0 errors, 1 left on base; Colorado Springs 0 - Gwinnett 1
TOP OF THE 9TH
Colorado Springs Sky Sox batting - Pitching for Gwinnett Braves : RHP Howard Wood
Pitching: LHP Justin Sullins
Batting: SHB Andy Vivas 0-0: Called Strike
0-1: Foul Ball, location: 2F
0-2: Ball
1-2: Ball
2-2: Fly out, F8 (Flyball, 78S, EV 91.9 MPH)
Batting: RHB Justin Williams 0-0: Foul Ball, location: 2F
0-1: Ball
1-1: Ball
2-1: Swinging Strike
2-2: Foul Ball, location: 2F
2-2: Ball
3-2: Foul Ball, location: 2F
3-2: Foul Ball, location: 2F
3-2: Strikes out swinging
Batting: SHB Chris Besselman 0-0: Ball
1-0: Swinging Strike
1-1: Foul Ball, location: 2F
1-2: Ball
2-2: Foul Ball, location: 2F
2-2: Strikes out looking
Top of the 9th over - 0 runs, 0 hits, 0 errors, 0 left on base; Colorado Springs 0 - Gwinnett 1
Thursday, December 15th , 2022 - OOTP Baseball 23.9 Build 102